3AA
ASHEVILLE HIGHLANDERS @ MARQUETTE MINERS
07/09/2041
 
TOP OF THE 1ST
Asheville Highlanders batting - Pitching for Marquette Miners : LHP Zi-cheng Pei
Pitching: LHP Zi-cheng Pei
Batting: RHB Tony Castellanos 0-0: Swinging Strike
0-1: Ball
1-1: Ball
2-1: Ball
3-1: Base on Balls
Batting: RHB Anthony Hollis 0-0: Called Strike
0-1: Ball
1-1: Swinging Strike
1-2: Strikes out swinging
Batting: RHB Colton Pennington 0-0: Called Strike
0-1: Called Strike
0-2: Foul Ball, location: 2F
0-2: Ball
1-2: Foul Ball, location: 2F
1-2: Grounds into double play, 6-4-3 (Groundball, 6M, EV 110.0 MPH)
Top of the 1st over - 0 runs, 0 hits, 0 errors, 0 left on base; Asheville 0 - Marquette 0
BOTTOM OF THE 1ST
Marquette Miners batting - Pitching for Asheville Highlanders : RHP António Morales
Pitching: RHP António Morales
Batting: LHB Leslie Small 0-0: Ball
1-0: Ball
2-0: Foul Ball, location: 2F
2-1: Foul Ball, location: 2F
2-2: Fly out, F5 (Popup, 56S, EV 77.5 MPH)
Batting: RHB Tom Hendrickson 0-0: Ball
1-0: Called Strike
1-1: Ground out 4-3 (Groundball, 4S, EV 83.1 MPH)
Batting: LHB Wyatt Quick 0-0: Ball
1-0: Called Strike
1-1: Foul Ball, location: 2F
1-2: Ball
2-2: Ball
3-2: Strikes out swinging
Bottom of the 1st over - 0 runs, 0 hits, 0 errors, 0 left on base; Asheville 0 - Marquette 0
TOP OF THE 2ND
Asheville Highlanders batting - Pitching for Marquette Miners : LHP Zi-cheng Pei
Batting: RHB Virgil Guldenmond 0-0: Ground out 1-3 (Groundball, 34S, EV 66.2 MPH)
Batting: RHB Cédric Causse 0-0: Ball
1-0: Called Strike
1-1: Ball
2-1: Called Strike
2-2: DOUBLE (Flyball, 78D, EV 103.1 MPH)
Batting: RHB Dusan Kontic 0-0: Ball
1-0: Ball
2-0: Fly out, F8 (Flyball, 8RM, EV 90.6 MPH)
Batting: SHB Dean Barthorpe 0-0: Called Strike
0-1: Called Strike
0-2: SINGLE (Line Drive, 4D, EV 97.5 MPH)
Cédric Causse to third
Runner from 3rd tries for Home, SAFE, no throw by RF
Batting: RHB Joe Frank 0-0: Called Strike
0-1: Ball
1-1: Foul Ball, location: 2F
1-2: Ball
2-2: Foul Ball, location: 2F
2-2: Strikes out swinging
Top of the 2nd over - 1 run, 2 hits, 0 errors, 1 left on base; Asheville 1 - Marquette 0
BOTTOM OF THE 2ND
Marquette Miners batting - Pitching for Asheville Highlanders : RHP António Morales
Batting: LHB Eric Manchester 0-0: Foul Ball, location: 2F
0-1: Foul Ball, location: 2F
0-2: Ball
1-2: Ground out 6-3 (Groundball, 56, EV 88.8 MPH)
Batting: RHB Andy Noonkester 0-0: Ball
1-0: Ground out 4-3 (Groundball, 34, EV 78.1 MPH)
Batting: RHB Kiril Neuvel 0-0: Ball
1-0: Ball
2-0: Swinging Strike
2-1: Called Strike
2-2: Ball
3-2: Strikes out swinging
Bottom of the 2nd over - 0 runs, 0 hits, 0 errors, 0 left on base; Asheville 1 - Marquette 0
TOP OF THE 3RD
Asheville Highlanders batting - Pitching for Marquette Miners : LHP Zi-cheng Pei
Batting: RHB Lane Ruffin 0-0: Bunted foul
0-1: Ball
1-1: Ground out 6-3 (Groundball, 6, EV 91.2 MPH)
Batting: RHB Tony Castellanos 0-0: Ball
1-0: Foul Ball, location: 2F
1-1: Ground out 4-3 (Groundball, 4, EV 81.9 MPH)
Batting: RHB Anthony Hollis 0-0: Ball
1-0: Swinging Strike
1-1: Foul Ball, location: 2F
1-2: Foul Ball, location: 2F
1-2: Ball
2-2: Ground out 4-3 (Groundball, 4, EV 81.9 MPH)
Top of the 3rd over - 0 runs, 0 hits, 0 errors, 0 left on base; Asheville 1 - Marquette 0
BOTTOM OF THE 3RD
Marquette Miners batting - Pitching for Asheville Highlanders : RHP António Morales
Batting: RHB Jesús Méndez 0-0: Ball
1-0: Called Strike
1-1: Ball
2-1: Ball
3-1: Foul Ball, location: 2F
3-2: Base on Balls
Batting: RHB Martin Payton 0-0: Ball
1-0: Foul Ball, location: 2F
1-1: DOUBLE (Line Drive, 78D, EV 111.2 MPH)
Jesús Méndez to third
Batting: RHB Kent Potter 0-0: Ball
1-0: Ball
2-0: Swinging Strike
2-1: Foul Ball, location: 2F
2-2: Strikes out swinging
Batting: LHB Leslie Small 0-0: Ball
1-0: Ball
2-0: Ball
3-0: Base on Balls
Batting: RHB Tom Hendrickson 0-0: Called Strike
0-1: Ball
1-1: SINGLE (Groundball, 6MD, EV 101.9 MPH)
Jesús Méndez scores
Martin Payton to third
Leslie Small to second
Runner from 3rd tries for Home, SAFE, no throw by CF
Batting: LHB Wyatt Quick 0-0: Ball
1-0: Fly out, F7 (Flyball, 7LS, EV 78.8 MPH)
Batting: LHB Eric Manchester 0-0: Ball
1-0: Ball
2-0: Ball
3-0: Base on Balls
Leslie Small to third
Tom Hendrickson to second
Batting: RHB Andy Noonkester 0-0: Fly out, F9 (Flyball, 9D, EV 77.5 MPH)
Bottom of the 3rd over - 2 runs, 2 hits, 0 errors, 3 left on base; Asheville 1 - Marquette 2
TOP OF THE 4TH
Asheville Highlanders batting - Pitching for Marquette Miners : LHP Zi-cheng Pei
Batting: RHB Colton Pennington 0-0: Ball
1-0: Ball
2-0: Ground out 5-3 (Groundball, 56, EV 101.2 MPH)
Batting: RHB Virgil Guldenmond 0-0: Called Strike
0-1: DOUBLE (Flyball, 89D, EV 88.8 MPH)
Batting: RHB Cédric Causse 0-0: Ball
1-0: Fly out, F4 (Popup, 34D, EV 68.8 MPH)
Batting: RHB Dusan Kontic 0-0: Called Strike
0-1: Ground out 1-3 (Groundball, 34S, EV 65.6 MPH)
Top of the 4th over - 0 runs, 1 hit, 0 errors, 1 left on base; Asheville 1 - Marquette 2
BOTTOM OF THE 4TH
Marquette Miners batting - Pitching for Asheville Highlanders : RHP António Morales
Batting: RHB Kiril Neuvel 0-0: Ball
1-0: Called Strike
1-1: Ball
2-1: Called Strike
2-2: Ball
3-2: Base on Balls
Batting: RHB Jesús Méndez 0-0: Fly out, F8 (Flyball, 8RM, EV 88.1 MPH)
Batting: RHB Martin Payton 0-0: Foul Ball, location: 2F
0-1: Ball
1-1: Grounds into double play, 6-4-3 (Groundball, 6, EV 76.2 MPH)
Bottom of the 4th over - 0 runs, 0 hits, 0 errors, 0 left on base; Asheville 1 - Marquette 2
TOP OF THE 5TH
Asheville Highlanders batting - Pitching for Marquette Miners : LHP Zi-cheng Pei
Batting: SHB Dean Barthorpe 0-0: Swinging Strike
0-1: Swinging Strike
0-2: Strikes out swinging
Batting: RHB Joe Frank 0-0: Called Strike
0-1: Called Strike
0-2: Strikes out swinging
Batting: RHB Lane Ruffin 0-0: Bunted foul
0-1: Ball
1-1: Ball
2-1: Swinging Strike
2-2: Foul Ball, location: 2F
2-2: Foul Ball, location: 2F
2-2: Ball
3-2: Strikes out swinging
Top of the 5th over - 0 runs, 0 hits, 0 errors, 0 left on base; Asheville 1 - Marquette 2
BOTTOM OF THE 5TH
Marquette Miners batting - Pitching for Asheville Highlanders : RHP António Morales
Batting: RHB Kent Potter 0-0: Ball
1-0: Ball
2-0: Swinging Strike
2-1: Foul Ball, location: 2F
2-2: Ball
3-2: Foul Ball, location: 2F
3-2: Base on Balls
Batting: LHB Leslie Small 0-0: Ball
1-0: Called Strike
1-1: Foul Ball, location: 2F
1-2: Foul Ball, location: 2F
1-2: Ball
2-2: Ball
3-2: SINGLE (Groundball, 4M, EV 103.8 MPH) (infield hit)
Kent Potter to second
Batting: RHB Tom Hendrickson 0-0: Ball
1-0: Sac Bunt to 15 - play at first, batter OUT! 1-4
Kent Potter to third
Leslie Small to second
Batting: LHB Wyatt Quick 0-0: Ball
1-0: Called Strike
1-1: Ball
2-1: Ball
3-1: Base on Balls
Batting: LHB Eric Manchester 0-0: Ball
1-0: Swinging Strike
1-1: Fly out, F8 (Flyball, 8RXD, EV 107.5 MPH)
Runner from 3rd tags up, SCORES, no throw by CF
Leslie Small to third
Batting: RHB Andy Noonkester 0-0: Swinging Strike
0-1: Called Strike
0-2: Foul Ball, location: 2F
0-2: Strikes out looking
Bottom of the 5th over - 1 run, 1 hit, 0 errors, 2 left on base; Asheville 1 - Marquette 3
TOP OF THE 6TH
Asheville Highlanders batting - Pitching for Marquette Miners : LHP Zi-cheng Pei
Batting: RHB Tony Castellanos 0-0: Swinging Strike
0-1: Ball
1-1: Foul Ball, location: 2F
1-2: Ball
2-2: Ball
3-2: Strikes out swinging
Batting: RHB Anthony Hollis 0-0: Ball
1-0: Called Strike
1-1: Called Strike
1-2: Ball
2-2: Ball
3-2: Base on Balls
Batting: RHB Colton Pennington 0-0: Ball
1-0: Swinging Strike
1-1: Called Strike
1-2: Ball
2-2: Ball
3-2: Foul Ball, location: 2F
3-2: SINGLE (Line Drive, 9S, EV 101.2 MPH)
Anthony Hollis to second
Pitching: LHP Shan-bo Kang
Batting: RHB Virgil Guldenmond 0-0: Ball
1-0: Foul Ball, location: 2F
1-1: DOUBLE (Line Drive, 9LS, EV 89.4 MPH)
Anthony Hollis scores
Colton Pennington to third
Batting: RHB Cédric Causse 0-0: Ball
1-0: Swinging Strike
1-1: Swinging Strike
1-2: Ball
2-2: Ball
3-2: Foul Ball, location: 2F
3-2: Fly out, F9 (Flyball, 89S, EV 91.2 MPH)
Batting: RHB Dusan Kontic 0-0: Ball
1-0: Called Strike
1-1: Ball
2-1: Foul Ball, location: 2F
2-2: Fly out, F9 (Flyball, 9LDF, EV 110.6 MPH)
Top of the 6th over - 1 run, 2 hits, 0 errors, 2 left on base; Asheville 2 - Marquette 3
BOTTOM OF THE 6TH
Marquette Miners batting - Pitching for Asheville Highlanders : RHP António Morales
Pitching: RHP Jason Skinner
Batting: RHB Kiril Neuvel 0-0: Ball
1-0: Ball
2-0: Ground out 5-3 (Groundball, 5, EV 78.1 MPH)
Batting: RHB Jesús Méndez 0-0: Ball
1-0: Called Strike
1-1: Swinging Strike
1-2: Foul Ball, location: 2F
1-2: Fly out, F7 (Flyball, 7, EV 88.8 MPH)
Batting: RHB Martin Payton 0-0: Foul Ball, location: 2F
0-1: Ball
1-1: Ball
2-1: Foul Ball, location: 2F
2-2: Foul Ball, location: 2F
2-2: Ball
3-2: Ground out 2-3 (Groundball, 13S, EV 70.0 MPH)
Bottom of the 6th over - 0 runs, 0 hits, 0 errors, 0 left on base; Asheville 2 - Marquette 3
TOP OF THE 7TH
Asheville Highlanders batting - Pitching for Marquette Miners : LHP Shan-bo Kang
Batting: SHB Dean Barthorpe 0-0: Swinging Strike
0-1: Foul Ball, location: 2F
0-2: Ball
1-2: Strikes out looking
Batting: RHB Joe Frank 0-0: Called Strike
0-1: Ball
1-1: Fly out, F8 (Flyball, 8RM, EV 88.1 MPH)
Batting: RHB Lane Ruffin 0-0: Foul Ball, location: 2F
0-1: Foul Ball, location: 2F
0-2: Foul Ball, location: 2F
0-2: Ball
1-2: SINGLE (Line Drive, 6D, EV 106.2 MPH)
Batting: RHB Tony Castellanos 0-0: Ball
1-0: Foul Ball, location: 2F
1-1: Ball
2-1: Fly out, F8 (Flyball, 8RS, EV 89.4 MPH)
Top of the 7th over - 0 runs, 1 hit, 0 errors, 1 left on base; Asheville 2 - Marquette 3
BOTTOM OF THE 7TH
Marquette Miners batting - Pitching for Asheville Highlanders : RHP Jason Skinner
Batting: RHB Kent Potter 0-0: Ball
1-0: Ball
2-0: Called Strike
2-1: Reached on error, E5 (Groundball, 56, EV 85.0 MPH)
Batting: LHB Leslie Small 0-0: Foul Ball, location: 2F
0-1: Foul Ball, location: 2F
0-2: SINGLE (Groundball, 34D, EV 98.1 MPH)
Kent Potter to second
Runner from 2nd tries for 3rd, SAFE, no throw by RF
Pinch Runner at 3rd Joseph Wallace:
Batting: RHB Tom Hendrickson 0-0: Called Strike
0-1: Swinging Strike
0-2: Ball
1-2: Fly out, F9 (Line Drive, 9, EV 105.0 MPH)
Batting: LHB Wyatt Quick 0-0: Ball
1-0: Called Strike
Leslie Small steals 2nd base
1-1: Called Strike
1-2: Strikes out swinging
Batting: LHB Eric Manchester 0-0: Ball
Passed Ball!
Joseph Wallace scores
Leslie Small to third
1-0: Ball
2-0: Ball
3-0: Base on Balls
Batting: RHB Andy Noonkester 0-0: Ball
1-0: Foul Ball, location: 2F
1-1: SINGLE (Groundball, 4MD, EV 102.5 MPH)
Leslie Small scores
Eric Manchester to second
Runner from 2nd tries for 3rd, SAFE, no throw by CF
Batting: RHB Kiril Neuvel 0-0: Ball
1-0: Called Strike
1-1: Ball
2-1: Ball
3-1: SINGLE (Groundball, 34D, EV 106.9 MPH)
Eric Manchester scores
Andy Noonkester to second
Runner from 2nd tries for 3rd, SAFE, no throw by RF
Pitching: RHP Mario Sánchez
Batting: RHB Jesús Méndez 0-0: Called Strike
0-1: Fly out, F8 (Line Drive, 8LM, EV 95.6 MPH)
Bottom of the 7th over - 3 runs, 3 hits, 1 error, 2 left on base; Asheville 2 - Marquette 6
TOP OF THE 8TH
Asheville Highlanders batting - Pitching for Marquette Miners : LHP Shan-bo Kang
Now at C: Chris Thompson
Batting: RHB Anthony Hollis 0-0: Ball
1-0: Swinging Strike
1-1: Ball
2-1: Called Strike
2-2: Strikes out swinging, 2-3 out at first.
Batting: RHB Colton Pennington 0-0: Foul Ball, location: 2F
0-1: SINGLE (Groundball, 6D, EV 101.2 MPH)
Batting: RHB Virgil Guldenmond 0-0: Called Strike
0-1: Ball
1-1: Ball
2-1: Called Strike
2-2: Foul Ball, location: 2F
2-2: Foul Ball, location: 2F
2-2: Ball
3-2: Grounds into double play, 6-4-3 (Groundball, 6, EV 104.4 MPH)
Top of the 8th over - 0 runs, 1 hit, 0 errors, 0 left on base; Asheville 2 - Marquette 6
BOTTOM OF THE 8TH
Marquette Miners batting - Pitching for Asheville Highlanders : RHP Mario Sánchez
Batting: RHB Martin Payton 0-0: Called Strike
0-1: Swinging Strike
0-2: Ball
1-2: Ball
2-2: Strikes out swinging
Batting: RHB Chris Thompson 0-0: Ball
1-0: DOUBLE (Groundball, 5L, EV 110.0 MPH)
Batting: LHB Leslie Small 0-0: Foul Ball, location: 2F
0-1: Foul Ball, location: 2F
0-2: Ball
1-2: Ground out U3 (Groundball, 34, EV 98.1 MPH)
Chris Thompson to third
Batting: RHB Tom Hendrickson 0-0: Ball
1-0: Swinging Strike
1-1: Called Strike
1-2: Strikes out swinging
Bottom of the 8th over - 0 runs, 1 hit, 0 errors, 1 left on base; Asheville 2 - Marquette 6
TOP OF THE 9TH
Asheville Highlanders batting - Pitching for Marquette Miners : LHP Shan-bo Kang
Pitching: RHP Javier Benavides
Batting: RHB Cédric Causse 0-0: Ball
1-0: Fly out, F6 (Line Drive, 6, EV 73.8 MPH)
Batting: RHB Dusan Kontic 0-0: Swinging Strike
0-1: Swinging Strike
0-2: Ball
1-2: Ball
2-2: Fly out, F8 (Flyball, 8LD, EV 100.0 MPH)
Batting: SHB Dean Barthorpe 0-0: Called Strike
0-1: Ball
1-1: Ground out 1-3 (Groundball, 34S, EV 85.6 MPH)
Top of the 9th over - 0 runs, 0 hits, 0 errors, 0 left on base; Asheville 2 - Marquette 6
Tuesday, January 5th, 2021 - OOTP Baseball 20.8 Build 74